[Event "Paris FIDE GP"]
[Site "Elancourt"]
[Date "2013.10.02"]
[Round "9"]
[White "Gelfand, Boris"]
[Black "Ivanchuk, Vassily"]
[Result "1/2-1/2"]
[ECO "D15"]
[WhiteElo "2764"]
[BlackElo "2731"]
[Annotator "ChessBase Website"]
[PlyCount "60"]
[EventDate "2013.09.22"]
[EventType "tourn"]
[EventRounds "11"]
[EventCountry "FRA"]
[EventCategory "20"]
[SourceTitle "CBM 157"]
[Source "ChessBase"]
[SourceDate "2013.11.12"]
[SourceVersion "1"]
[SourceVersionDate "2013.11.12"]
[SourceQuality "1"]
[TimeControl "40/7200:20/3600:900+30"]
[WhiteClock "2:00:00"]
[BlackClock "2:00:00"]

1. d4 d5 2. c4 c6 3. Nf3 Nf6 4. e3 a6
{[%emt 0:00:24] The Chebanenko or ...a6 Slav continues to be very solid;
Ivanchuk obtained a good position from the opening although it would be hard
for either side to make progress because of the locked situation in the center.
} 5. Nc3 b5 6. c5 g6 7. Ne5 Bg7 8. f4 a5 9. Be2 h5 10. O-O Bf5 11. Bf3 Qc7 12. Nd3 $146 (12. h3 Nbd7 13. Bd2 Ne4 14. Bxe4 dxe4 15.
a4 b4 16. Ne2 Nf6 17. Ng3 Nd5 18. Nc4 h4 19. Nxf5 gxf5 20. Rc1 Bf6 21. Qe2 e6
22. Kh1 Ke7 23. Be1 Rag8 24. Rg1 Rg6 25. Bf2 Qa7 26. Nd6 Kf8 27. Nc8 Qb7 28.
Nd6 Qa8 29. Rcd1 Bd8 30. Qe1 Bc7 31. Rc1 Rgh6 32. Qe2 Ke7 33. Nc4 Kd7 34. Rc2
Rg8 35. Rgc1 Qb7 36. Qe1 Rgh8 37. Qe2 R6h7 38. Qe1 f6 39. Qf1 Rg8 40. Qe1 b3
41. Re2 Nb4 {Rozum,I (2473)-Malakhov,V (2709) Loo 2013 1/2-1/2}) 12... Nbd7 13. Nf2 e6 14. Bd2 Ke7 $5 {[%emt 0:04:03] Ivanchuk's 14...Ke7!? was bizarre but by no
means a bad move as it highlighted that the game was indeed not going to be
opened up any time soon. Actually, the game never opened up, and the players
agreed to a draw in a position where all the pawns had survived but none of
the minor pieces remained on the board.} 15. Be1 a4 16. Nd3 Ng4 17. Bxg4 Bxd3 18. Be2 Bxe2 19. Nxe2 Kf8 20. Bh4 Bf6 21. Bxf6 Nxf6 22. Nc1 Kg7 23. Nd3 Ne4 24. Nf2 Nxf2 25. Rxf2 f5 26. h4 Qe7 27. g3 Ra6 28. Qe1 Rha8 29. Rc1 Qd8 30. Kg2 Qa5 1/2-1/2

[Event "FRA-chT Top 12"]
[Site "Brest"]
[Date "2019.05.22"]
[Round "5.4"]
[White "Rodshtein, Maxim"]
[Black "Postny, Evgeny"]
[Result "1/2-1/2"]
[ECO "D15"]
[WhiteElo "2699"]
[BlackElo "2603"]
[Annotator "Mueller,Karsten"]
[PlyCount "109"]
[EventDate "2019.05.18"]
[EventType "team-tourn"]
[EventRounds "11"]
[EventCountry "FRA"]
[SourceTitle "CBM 191"]
[Source "ChessBase"]
[SourceDate "2019.08.31"]
[SourceVersion "1"]
[SourceVersionDate "2019.08.31"]
[SourceQuality "1"]
[WhiteTeam "Bischwiller"]
[BlackTeam "Metz-echecs"]
[WhiteTeamCountry "FRA"]
[BlackTeamCountry "FRA"]
[TimeControl "40/5400+30:1800+30"]

1. c4 c6 2. Nf3 d5 3. d4 Nf6 4. e3 Bf5 5. Nc3 a6 6. Be2 (6. Nh4 Be6 7. c5 g6 8. Bd3 Bg7 9. O-O O-O 10. b4 Bc8 11. f4 Ne8 12.
Qe1 a5 13. Na4 axb4 14. Nb6 Ra7 15. Qxb4 Na6 16. Qc3 Nf6 17. Nxc8 Qxc8 18. Rb1
Nc7 19. Qc2 Ne4 20. Nf3 Qd7 21. a3 Rfa8 22. Rb3 f5 23. Bb2 Ne6 24. Rb1 Nd8 25.
Bc1 Bf6 26. g3 Kg7 27. Qg2 Ra4 28. h3 h5 29. g4 fxg4 30. hxg4 Qxg4 31. Qxg4
hxg4 32. Bxe4 gxf3 33. Bxf3 g5 34. f5 Kf8 35. Kf2 Ke8 {Nakamura,H (2761)
-Topalov,V (2740) Abidjan 2019 1-0}) 6... h6 7. Qb3 Ra7 8. cxd5 cxd5 9.
Ne5 (9. Bd2 e6 10. O-O) 9... e6 10. O-O Be7 11. Bd2 Nfd7 (11... O-O) 12. Nxd7 Nxd7 13. Rfc1 O-O 14. Nd1 $146 (14. Na4 b5
15. Nc5 Nb6 16. a4 bxa4 17. Nxa4 Nxa4 18. Qxa4 Qb8 19. b4 Rb7 20. Bxa6 Bxb4 21.
Bxb7 Bxd2 22. Qc6 Bxc1 23. Ra8 Qxa8 24. Bxa8 Ba3 25. Bb7 Be7 26. f3 Bf6 27. Kf2
h5 28. g3 Rd8 29. Qc7 Rf8 30. Ke2 Rd8 31. Ba6 Ra8 32. Qb7 Rd8 33. Kd2 Kf8 34.
Be2 Be7 35. Kc3 Bg6 36. Qc7 Ra8 37. Ba6 Rd8 38. Bb7 Bf5 39. Bc6 Bf6 40. Bb5 Kg8
41. Ba6 Re8 42. Kd2 Rd8 43. Ke2 Ra8 {Rodshtein,M (2678)-Antipov,M (2597) Sochi
2018 1/2-1/2 (70)}) 14... Nb8 15. Bb4 Bxb4 16. Qxb4 Nc6 $1 17. Qa3 Re8 18. Rc5 Qd6 19. Rac1 e5 $132 20. dxe5 Rxe5 21. Qb3 Ne7 22.
Rc7 d4 23. Rxb7 Rxb7 24. Qxb7 d3 $1 25. Bf3 d2 26. Rc4 (26. Rc3 Rb5 27.
Qa8+ Kh7 $13) 26... Be6 27. Qb4 Qxb4 28. Rxb4 Bxa2 29. Rd4 Bd5 30. Bxd5 Rxd5 31. Rxd5 Nxd5 32. Kf1 Kf8 33. Ke2 Ke7 34. Kxd2
$11 Kd6 35. e4 Nb4 36. Ne3 Ke5 37. f3 Kd4 38. b3 $2 {[%emt 0:01:54] After this Black's activity
should suffice for a draw. Danach dürfte die schwarze Aktivität zum Remis
ausreichen.} ({White could win in a direct duel: Weiß konnte im direkten
Duell gewinnen:} 38. Nf5+ Kc4 39. Nxg7 Kb3 40. Nf5 {and the black a-pawn can
always be neutralised, e.g. und der schwarze a-Bauer kann stets neutralisiert
werden, z.B.} Kxb2 (40... h5 41. h4 Kxb2 42. g4 hxg4 43. fxg4 a5 44. h5 $18)
41. Nxh6 a5 (41... f6 42. Ng4 a5 43. Nxf6 a4 44. Nd5 $18) 42. Nxf7 a4 43. Nd6
Kb3 (43... a3 44. Nc4+ $18) 44. Nb5 Kc4 45. Nc3 a3 46. h4 $18) 38... g6 39. Nc4 (39. Ng4 h5 40. Nh6 f6 41. Ng8 f5 42.
exf5 gxf5 43. g3 (43. Nh6 f4 44. Nf7 Nd5 45. Nd8 Ne3 46. Ne6+ Ke5 47. Nc5 Nxg2
48. Nxa6 Nh4 49. Ke2 Nf5 50. Nc5 Nd4+ 51. Kf2 Kd5 52. Nd3 Ne6 $11) 43... Nd5
44. Nh6 Ne7 $11) 39... Nd3 40. Nd6 Ne5 41. Nb7 h5 42. h4 Nc6 43. Nd6 Ne5 44.
Ne8 Nc6 45. Nc7 Nb4 46. g3 Kc5 47. Ne8 Nc6 48. Kc3 a5 49.
Nf6 Ne5 50. f4 Nf3 51. e5 Nd4 52. Ne4+ Kd5 53. Nf6+ Kc5 54. Ne4+ Kd5 55. Nf6+ 1/2-1/2

[Event "Sautron op 13th"]
[Site "Sautron"]
[Date "2013.11.01"]
[Round "8"]
[White "Nguyen, Chi Minh"]
[Black "Kasparov, Sergey"]
[Result "1/2-1/2"]
[ECO "D15"]
[WhiteElo "2389"]
[BlackElo "2480"]
[Annotator "RR"]
[PlyCount "181"]
[EventDate "2013.10.26"]
[EventType "swiss"]
[EventRounds "9"]
[EventCountry "FRA"]
[SourceTitle "EXT 2016"]
[Source "ChessBase"]
[SourceDate "2015.10.08"]
[SourceVersion "1"]
[SourceVersionDate "2015.10.08"]
[SourceQuality "1"]
[TimeControl "40/5400+30:1800+30"]
[WhiteClock "1:30:00"]
[BlackClock "1:30:00"]

1. d4 d5 2. Nf3 Nf6 3. c4 c6 4. Nc3 a6 5. e3 (5. c5) 5... b5 6. c5 (6. b3 Bf5 7. Bd3 Bxd3 8. Qxd3 e6 9. O-O Be7 10. e4
dxe4 11. Nxe4 Nbd7 12. Bf4 O-O 13. Rfd1 Qa5 14. Nxf6+ Bxf6 15. Bd6 Rfd8 16. c5
Nf8 17. Ne5 Bxe5 18. dxe5 Ng6 19. Qe4 Rac8 20. h4 Rd7 21. h5 Ne7 22. h6 gxh6
23. Bxe7 Rxe7 24. Rd3 Qc7 25. Rad1 Rf8 26. Rg3+ Kh8 27. Rd6 f6 28. exf6 Rxf6
29. Qd4 {1-0 (29) Bacrot,E (2730)-Ivanchuk,V (2733) Cap d'Agde 2013}) 6... Nbd7 7. a3 (7. b4) 7... g6 8. b4 a5 9. Bb2 Bg7 10. Be2 Qc7 11. O-O $146 (11. Nd2 e5 12. Nb3 a4 13. Na5 Rb8 14. g4 exd4 15. exd4 O-O 16. g5 Nh5 17.
Bxh5 gxh5 18. Qd2 Re8+ 19. Kf1 Nf8 20. h3 Bf5 21. Re1 Qd7 22. Re3 Ne6 23. Nd1
h4 24. f3 h6 25. gxh6 Bxh6 26. Qg2+ Kh7 27. Qf2 Nf4 28. Qxh4 Bc2 29. Bc1 Bxd1
30. Rxe8 Qxe8 31. Rh2 Be2+ 32. Kg1 Qg8+ 33. Kf2 Nd3+ 34. Kxe2 Nxc1+ 35. Kf1 Qg6
36. Rg2 Qd3+ 37. Kg1 Ne2+ 38. Kh2 Nxd4 {0-1 (38) Yashtylov,A (2414)-Alavkin,A 
(2476) Cheliabinsk 2005}) 11... O-O 12. Qb3 a4 {[%emt 0:09:02] Les blancs vont garder un bon avantage d'espace après cet
échange} 13. Qa2 Rb8 14. Rad1 Ne4 15. Bd3 Nxc3 (15...
f5 16. Nxd5 $5 cxd5 17. Bxe4 fxe4 18. Qxd5+ Kh8 19. Ng5 (19.
Qxe4) 19... Nf6 20. Nf7+ Rxf7 21. Qxf7) 16. Bxc3 Nf6 17. Ne5 Ng4 $1 18. Nxg4 Bxg4 19. f3 Bd7 20. Qb2 (20. e4) 20... Rbd8 21. Be1 Qc8 (21... e5 22. Bg3
Rfe8) 22. Bh4 Rfe8 23. Rfe1 Bf5 24. Bf1 Qd7 25. g4 Be6 26. h3 Rf8 27. Qh2 Rde8 28. Bg3 Rd8 29. Rd2 Qc8 30. Bd3 f5 31. Rf2 Rf7 32. Kg2 Bh6 33. Be5 Rdf8 34. f4 Bg7 35. Bxg7 Rxg7 36. g5 {[%emt 0:00:16][%csl Re6][%cal
Gh3h4,Gh4h5] Les Blancs ont un progressé mais l'avantage est trés minime} Kf7
$1 {[%emt 0:00:44] Anticipant l'ouvertrure de l'aile-roi} 37. h4 Ke8 38. h5 Kd7 39. Rh1 Rfg8 40. Kf1 Qe8 41. Qh3 Qf8 42. Rg2 Qb8 43. Qf3 Rf8 44. Ke1 (44. Rgh2) 44... Rfg8 45. Qe2 Kc7 46. Rhh2 Bd7 47. Rg3 Qe8 48. hxg6 {[%emt 0:01:35] Enfin!} hxg6 49. Rgh3 Qf8 50. Qf3 Qf7 51. Qh1 (51. Rh8 $6 Rxh8
52. Rxh8 Rh7 $11) 51... Qe6 52. Kd2 Qf7 53. Bc2 (53. Rh6) 53... Qf8 54. Qd1 Qa8 55. Rh6 Qf8 56. Kc1 Qa8 57. Kb2 Be6 58. Bd3 Bd7 59.
R6h3 Qb8 60. Qh1 Qe8 61. Rh7 Qf7 62. R7h6 Qe6 63. Qc1 Qf7 64. R6h3 Rb8 65. Bc2 Ra8 66. Qf1 Qg8 67. Bd3 Rb8 68. Qh1 Qf7 69. Rh6 Rbg8 70. Bc2 Ra8 71. R2h3 Rag8 72. Qd1 Ra8 73. Qe2 Qg8 74. Bb1 Qf7 75. Qh2 Kb7 76. Bc2 Rag8 77. Bd3 Qe6 78. Qe2 Kc7 79. Bc2 Qf7 80. Qe1 Ra8 81. Kc1 Qg8 82. Qh1 Qf7 83. Rh7 Rag8 84. R7h6 Ra8 85. Qh2 Rag8 86. Qg1 Ra8 87. Qe1 Qg8 88. Kb2 Qf7 89. Rh8 Rxh8 90. Rxh8 Rh7 91. Rxh7 1/2-1/2

[Event "Sautron op 13th"]
[Site "Sautron"]
[Date "2013.10.28"]
[Round "4"]
[White "Avrukh, Boris"]
[Black "Koziak, Vitali"]
[Result "1/2-1/2"]
[ECO "D15"]
[WhiteElo "2576"]
[BlackElo "2481"]
[Annotator "RR"]
[PlyCount "95"]
[EventDate "2013.10.26"]
[EventType "swiss"]
[EventRounds "9"]
[EventCountry "FRA"]
[SourceTitle "EXT 2014"]
[Source "ChessBase"]
[SourceDate "2013.11.20"]
[SourceVersion "1"]
[SourceVersionDate "2013.11.20"]
[SourceQuality "1"]
[TimeControl "40/5400+30:1800+30"]
[WhiteClock "1:30:00"]
[BlackClock "1:30:00"]

1. d4 d5 2. c4 c6 3. Nf3 Nf6 4. Nc3 a6 (4... dxc4 {Le GMI ne traite que cette variante dans sa
monographie publiée en 2014}) 5. a4 (5. e3 b5 6. c5 Bf5 7.
Ne5 Nfd7 8. Nxf7 Kxf7 9. Qf3 Ke6 10. g4 Bg6 (10... Bc2) 11. Bh3 {Bacrot,E 
(2705)-Draoui,N (2362) FRA-ch blitz 2009 (4) 1-0}) (5. c5 g6 6. h3 (6. Bf4)
6... Bg7 7. Bf4 O-O 8. e3 Bf5 9. Qb3 Qc8 10. Be2 Nbd7 11. O-O Ne4 12. Rac1 Re8
13. Na4 f6 {Tomashevsky,E (2722)-Yilmaz,M (2577) EU-chT (Men) 19th 2013 (2.1)
1/2} (13... e5 14. dxe5 Bf8 15. Nd4 Nexc5 16. Nxc5 Nxc5 17. Rxc5 Bxc5 18. Nxf5
gxf5 19. Bd3 Ba7 20. Qc2 $44 {Yilmaz inf119})) 5... e6 6. Bg5 (6. g3 dxc4 7. Bg2 c5) (6. Bf4) 6... Nbd7 7.
e3 (7. a5 Bb4 8. Qa4) 7... Qa5 $5 {[%emt 0:06:06][%cal Gf6e4,
Ge4g5,Gd5c4,Ga5e1] Rentre dans une position proche de la Cambridge Springs
mais avec les coups a4 et a6 en plus. Après Bb4, les Blancs n'auront plus
l'option a3 et cette transposition ne doit pas favoriser les Blancs} 8. Be2 {
[%emt 0:00:50] La préparation du GMI qui choisit une ligne secondaire} (8. Nd2
Bb4 9. Qc2 e5 10. Bh4 exd4 11. exd4 O-O 12. Be2 Re8 13. Nb3 Qc7 14. O-O Bd6 15.
Kh1 Ne4 16. Bd3 dxc4 17. Bxe4 cxb3 18. Bxh7+ Kh8 19. Qd3 Re6 20. Rae1 Nf8 21.
Be4 Rh6 22. Bg3 Bg4 23. Kg1 Ne6 24. Qc4 Bxg3 25. fxg3 Qb6 26. a5 Qxa5 27. h3
Qc7 28. hxg4 Qxg3 29. Qd3 Qh2+ 30. Kf2 Qh4+ 31. g3 Rf6+ 32. Kg2 Qxg4 33. Rxf6
gxf6 34. Ne2 Qg5 35. Qxb3 Kg7 36. Qxb7 Rd8 37. Qxc6 Qe3 {Laznicka,V (2666)
-Kamsky,G (2725) Rhodes 2013 1-0}) (8. cxd5 exd5) 8... Bb4 $146 {[%emt 0:10:22]
Visiblement les Noirs n'avaient pas préparé cette ligne Be2 et ils
commencent à réfléchir} (8... Ne4 9. O-O Nxg5 10. Nxg5 dxc4 11. Nge4 Nb6 12.
Nd2 Bb4 13. Bxc4 Bxc3 14. bxc3 Qxc3 15. Be2 O-O 16. a5 Nd5 17. Ne4 Qb4 18. Nc5
b6 19. Ra4 Qc3 20. axb6 Nxb6 21. Ra2 Nd5 22. Qa4 Rb8 23. Qxc6 Nb4 24. Qd6 Nxa2
25. Qxb8 Nb4 26. Qb6 Nd5 27. Qd6 a5 28. Bf3 Nb4 29. Qb6 e5 30. d5 Nd3 31. Nxd3
Qxd3 32. Qxa5 e4 33. Rd1 Qc2 34. Bh5 g6 35. d6 gxh5 36. Qg5+ Kh8 37. Qf6+ Kg8
38. Qg5+ {Bosiocic,M (2578)-Jovanic,O (2527) Rijeka 2009 1/2-1/2}) 9. O-O $1 Ne4 {[%emt 0:11:21] Après une longue réflexion, les Noirs
décident d'accepter le P sacrifié mais mais les Blancs ont des bonnes
compensations} (9... Bxc3 10. bxc3 Qxc3 11. a5 $44 O-O $6 12. Qa4 Ne4 13. Rfc1) 10. Bf4 Nxc3 11. bxc3 Bxc3 12. Rb1 $44 (12. Rc1 ) 12... Qd8 $6 {[%emt 0:00:
41][%cal Gc3a5,Ga5c7] Libère une case de repli pour le B mais au risque d'un
retard de développement} (12... O-O 13. Qc2) 13. Qc2 $32 Ba5 14. e4 $1 dxe4 15. Qxe4 Nf6 16. Qe3 O-O 17. Bg5 $1 $44 {[%emt 0:07:03][%csl Rh7][%cal Ge2d3,Gf1d1] Le plan Qd8
Ba5 a aussi pour désavantage de rendre plus fort le clouage du Bg5} Bc7 18. Ne5 (18. Rfd1 ) 18... Bd6 $1 {[%emt 0:01:00][%cal Gd6e7]
Reconnaissant que le Ba5 serait mieux placé en e7} 19. Bd3 $1 Be7 20. Qh3 {[%emt 0:01:05][%csl Rh7] Forçant un
affaibliisement non négligeable de l'aile-roi} g6 21. Qh4 Re8 22. Qf4 (22. Rfd1 $14 ) 22... Rf8 {[%emt 0:01:04] Les Noirs sont proches
du zugzwang car ils sont incapables de terminer le développement de
l'aile-dame} 23. Bh6 Nh5 24. Qe3 Ng7 25. Rfd1 (25. c5 $5 {Le N g7 est
mal placé pour profiter de l'affaiblissement de la case "d5"} f6 26. Nc4 Re8 27. Nb6 Rb8 28. Bf4 $40) 25... Re8 26. g4 $1 f6 {[%emt 0:00:09] (=)} 27. Nf3 (27.
Nxg6 $5 hxg6 28. Bxg6 Rf8 29. Bf4 Qa5 30. c5 {Et les Noirs sont quasiment en
zugzwang!}) 27... Bf8 28. c5 $5 Kh8 (28... e5 29. dxe5 Bxg4 30. Bc4+ Kh8 31. Rxd8) 29. Qf4 (29. h3 $142 {Semble plus naturel} e5 30. dxe5 )
29... e5 $1 {[%emt 0:02:46][%cal Gg7e6,Ge6f4,Gf8h6] un bon sacrifice de
dégagement} 30. dxe5 Ne6 $132 31. Qc1 Nd4 (31... Qd5 $5 ) 32. Nxd4 Qxd4 33. Be2 Bxh6 (33... Qxe5) 34. Rxd4 Bxc1 35. Rxc1 fxe5 36. Re4 Be6 $11 37. Rb1 (37. Rxe5 $143 Bb3 ) 37...
a5 38. Rxe5 Ba2 39. Rxe8+ Rxe8 40. Rb2 Bd5 41. Kf1 Re7 42. g5 h6 43. h4 hxg5 44. hxg5 Re5 45. Rxb7 Rxg5 46. f3 Ba2 47. Bd3 Rxc5 48. Bxg6 1/2-1/2

[Event "Cappelle op 36th"]
[Site "Cappelle la Grande"]
[Date "2020.02.26"]
[Round "7"]
[White "Enchev, Ivajlo"]
[Black "Mohammad, Nubairshah Shaikh"]
[Result "0-1"]
[ECO "D15"]
[WhiteElo "2496"]
[BlackElo "2415"]
[Annotator "Sagar Shah"]
[PlyCount "64"]
[EventDate "2020.02.22"]
[EventType "swiss"]
[EventRounds "9"]
[EventCountry "FRA"]
[SourceTitle "CBM 195 Extra"]
[Source "ChessBase"]
[SourceDate "2020.05.31"]
[SourceVersion "1"]
[SourceVersionDate "2020.05.31"]
[SourceQuality "1"]
[TimeControl "40/5400+30:1800+30"]

1. d4 d5 2. c4 c6 {[%emt 0:
00:00] Nubair has been a staunch follower of the Slav.} 3. Nc3 dxc4 $5 4. Nf3 Nf6 5. e4 $5
{[%emt 0:00:47] The Geller Gambit is not considered as the best, but is surely
playable.} b5 {[%emt 0:00:01] Black rightly saves his pawn.} 6. Be2 (6. e5 Nd5 7. a4 {is how the biggest exponent of this lines- Salem
Saleh likes to play.}) 6... b4 {[%emt 0:00:40] This is the direct approach
where Black asks White to make a decision. He can either move his knight and
lose the e4 pawn or he can push forward with e5.} ({Pertinent:} 6... Bg4 7. O-O
e6 8. a4 b4 9. e5 bxc3 10. exf6 cxb2 11. fxg7 Bxg7 12. Bxb2 O-O 13. Ne5 Bf5 14.
Nxc4 c5 15. Bf3 Nd7 16. Bxa8 Qxa8 17. dxc5 Bxb2 18. Nxb2 Nxc5 19. Rc1 Rd8 20.
Qe2 Nb3 21. Rcd1 Nd4 22. Qe3 Qd5 23. h3 Bg6 24. Kh1 e5 25. f4 Rb8 26. Qxe5 Qxe5
27. fxe5 Nf5 28. Rf2 Ng3+ 29. Kh2 Ne4 30. Rc2 Ng5 31. Rcd2 Kg7 32. Nc4 Rb4 33.
Nd6 Rxa4 34. Ne8+ Kh6 35. Nf6 Ne6 36. Rf2 {Carlsen,M (2876)-Mamedov,R (2645)
chess24.com INT 2020 0-1 (88)}) 7. e5 (7. Na4 Nxe4 8. Bxc4 {
is the main line.}) 7... bxc3 8. exf6 cxb2 9. fxg7 (9. Bxb2 exf6 10. O-O Be6 11. Qa4 Be7
12. Bxc4 O-O {Black should be fine here with no issues, but this should have
been the best way to continue.}) 9... bxa1=Q 10. gxh8=Q {
[%emt 0:00:25] Both sides have queens on the board. Whose queen is more
powerful? That's the question.'} Qa5+ $1 {[%emt 0:00:38] Black's queen joins
the action immediately. The only way in which Black can cause White trouble.'}
11. Nd2 $146 (11. Kf1 Q5c3 $1 12. Bh6 Qxd1+ 13. Bxd1 Nd7 $19 {
Black has everything under control.}) (11. Bd2 Qxd1+ 12. Kxd1 (12. Bxd1 c3 $19)
12... c3 13. Be3 c2+ 14. Kxc2 Bf5+ $19) 11... c3 12. O-O {
[%emt 0:00:28] White makes the practical choice of giving up a piece, but
Black manages to hold on quite easily.} cxd2 13. Bxd2 Qxd1 14. Rxd1 Qf5 15. d5 Qg6 $1 (15... cxd5 16. Bh6 Nd7
17. Bb5 $18) 16. Bf3 (16. dxc6 Nxc6 17. Bf3 Bg4 $19) 16...
cxd5 $2 (16... Bg4 $1 17. Bxg4 Qxg4 18. Rc1 Qg7 19. Qxg7 Bxg7
20. dxc6 Na6 $19) 17. Bxd5 Nc6 18. Be4 $5 {
[%emt 0:08:58] Quite an interesting move but Enchev fails to find an
equalizing opportunity.'} (18. Bh6 $3 {was a powerful strike here.} Qxh6 19.
Qxh7 $1 {This move is very powerful. Now the queen must stay in touch with c6
if Black wants to play for an advantage.} Bd7 (19... Qxh7 20. Bxc6+ Bd7 21.
Bxd7+ Kd8 22. Bf5+ $16) (19... Qf6 20. Qxf7+ Qxf7 21. Bxc6+ Bd7 22. Bxd7+ Kd8
23. Be6+ Ke8 24. Bd7+ $11) (19... Nd8 20. Qxh6 Bxh6 21. Bxa8 $13 {This
position is difficult to assess. Dynamically balanced maybe the right way.}) (
19... Ne5 20. Qxh6 Bxh6 21. Bxa8 $13) 20. Qxf7+ Kd8 21. Bxc6 Qxc6 22. Qxf8+ Kc7
23. Qf4+ Kb7 24. Qd2 $13) 18... Qe6 $6 (18... Qxe4 $6 19. Bh6
$36 Nd4 20. Qxf8+ Kd7 21. Qxf7 Bb7 22. f3 $13) (18... Qd6 $1 19. Bf3 Bd7 $19)
19. Qxh7 (19. Bc3 $1 {The idea is Bg7.} Bd7 {The only move.}
20. Bxc6 (20. Bg7 O-O-O 21. Bxc6 Bxc6 22. Rxd8+ Kxd8 23. Qxf8+ Kd7 $19 {
White king is checkmated.}) 20... Qxc6 (20... Bxc6 21. Bg7 $18) 21. Bg7 O-O-O
22. Bxf8 $13) 19... Bd7 20. h3 Rc8 21. Re1 Qxa2 22. Bc3 Nd8 23. Qh8 Qc4 24. Re3 Rc5 {[%emt 0:04:29] Now the king is safe on e8 and Black's
queen and rook create the attack around the white king.} 25. h4 Ne6 26. h5 Bb5 27. Bd3 Qg4 28. Bxb5+ Rxb5 29. h6 Rg5 30. g3 Rh5 31. Qh7 Qd1+ 32. Re1 Qf3 0-1